 Dungeon Crawl Stone Soup version 0.27-a0-396-g03f4e8edb7 (webtiles) character file.

Game seed: 16902108448741383250

68 Morbidden the Skirmisher (level 4, 0/35 HPs)
             Began as a Demonspawn Monk on Feb 21, 2021.
             Slain by a goblin
             ... wielding a +0 dagger
             ... led by Robin
              (5 damage)
             ... on level 2 of the Dungeon.
             The game lasted 00:02:14 (2732 turns).

Morbidden the Skirmisher (Demonspawn Monk)          Turns: 2732, Time: 00:02:15

Health: 0/35       AC:  2    Str: 12    XL:     4   Next: 1%
Magic:  4/4        EV: 13    Int: 12    God:
Gold:   72         SH:  0    Dex: 15    Spells: 3/3 levels left

rFire    + . .     SeeInvis .     - Unarmed
rCold    . . .     Faith    .   (no shield)
rNeg     . . .     Spirit   .   a - +0 robe
rPois    .         Reflect  .   (no helmet)
rElec    .         Harm     .   (no cloak)
rCorr    .         Rampage  .   (no gloves)
Will     .....                  (no boots)
Stlth    ++........             (no amulet)
HPRegen  0.11/turn              g - ring of protection from fire
MPRegen  0.18/turn              (no ring)

@: no status effects
A: hooves 1, magic regeneration
a: no special abilities


You were on level 2 of the Dungeon.
You visited 1 branch of the dungeon, and saw 2 of its levels.

You collected 72 gold pieces.

Inventory:

Missiles
 d - 6 datura-tipped darts (quivered)
Armour
 a - a +0 robe (worn)
Jewellery
 g - a ring of protection from fire (left hand)
Scrolls
 e - 2 scrolls of immolation {unknown}
 f - a scroll of fear {unknown}
 h - a scroll of teleportation {unknown}
Potions
 b - 2 potions of might {unknown}
 c - 2 potions of degeneration {unknown}


   Skills:
 * Level 3.5 Fighting
 + Level 0.1 Throwing
 + Level 3.3 Dodging
 + Level 2.0 Stealth
 + Level 3.3 Unarmed Combat


You had 3 spell levels left.
You didn't know any spells.
Your spell library was empty.

Dungeon Overview and Level Annotations

Branches:
Dungeon (2/15)

Altars:
Elyvilon
Yredelemnul

Annotations:
D:2 Robin


Innate Abilities, Weirdness & Mutations

You have large cloven feet.
You regenerate magic rapidly.


Message History

The goblin misses you. The goblin hits you with a +0 club!
You are too injured to fight recklessly!
You are too injured to fight recklessly!
You are too injured to fight recklessly!
You are too injured to fight recklessly!
You closely miss the goblin.
The goblin is moderately wounded.
The goblin barely misses you.
You hit the goblin. You kick the goblin, but do no damage.
The goblin is severely wounded.
The goblin barely misses you.
You hit the goblin.
You kill the goblin!
Unknown command.
Robin throws the goblin at you! The goblin hits you with a +0 club.
* * * LOW HITPOINT WARNING * * *
You barely miss the goblin. Your kick misses the goblin.
Robin throws the goblin at you! The goblin completely misses you.
The goblin closely misses you. x2
You hit the goblin.
The goblin is heavily wounded.
The goblin barely misses you. x2
You hit the goblin.
You kill the goblin!
The goblin barely misses you. The goblin hits you with a +0 dagger.
* * * LOW HITPOINT WARNING * * *
You have reached level 4!
You feel stronger. The goblin barely misses you.
Things that are here:
a +0 club; a goblin corpse Unknown command.
The goblin no longer looks unusually strong.
Robin throws the goblin at you! The goblin hits you but does no damage.
You hit the goblin.
The goblin is heavily wounded.
Robin roars a battlecry!
The goblin goes into a battle-frenzy!
The goblin closely misses you. The goblin hits you with a +0 dagger.
You die...

....g.).).......######
#†##...........#
#.#######.####.#
#.#######.# #.#
########g........# #>#
........)######### #.#
########.# #.# #g# #.#
#@# ###.### #g#
#.....# #.# #.....#
#.# #...... #..
#.)...# ### #.....#
####### # #


You could see Robin and 2 goblins.

Vanquished Creatures
  An adder (D:2)
  2 worms (D:2)
  A dart slug (D:1)
  2 leopard geckos
  A ball python (D:1)
  A bat (D:1)
  A giant cockroach (D:1)
  2 hobgoblins (D:1)
  8 jackals
  6 kobolds
  6 frilled lizards
  11 goblins
  5 rats
47 creatures vanquished.

Vanquished Creatures (collateral kills)
  A bat (D:1)
  A rat (D:1)
2 creatures vanquished.

Grand Total: 49 creatures vanquished

Notes
Turn   | Place    | Note
-------+----------+-------------------------------------------
     0 | D:1      | Morbidden the Demonspawn Monk began the quest for the Orb.
     0 | D:1      | Reached XP level 1. HP: 18/18 MP: 1/1
   166 | D:1      | Gained mutation: You have large cloven feet. [demonic
                  | ancestry]
   166 | D:1      | Reached XP level 2. HP: 21/24 MP: 2/2
   905 | D:1      | Gained mutation: You regenerate magic rapidly. [demonic
                  | ancestry]
   905 | D:1      | Reached XP level 3. HP: 25/29 MP: 3/3
  1356 | D:2      | Found a basalt altar of Yredelemnul.
  2025 | D:2      | Found a white marble altar of Elyvilon.
  2711 | D:2      | Noticed Robin
  2728 | D:2      | Reached XP level 4. HP: 4/35 MP: 4/4
  2732 | D:2      | Slain by a goblin

Illustrated notes

Levels and vault maps discovered:
D:1:      matt_arrival_refuge, layout_basic
D:2:      layout_loops_ring, kennysheep_ying_yang, uniq_robin

Skill      XL: |  1  2  3 |
---------------+----------+-----
Dodging        | 3 |  3.3
Unarmed Combat | 3 |  3.3
Stealth        | 2 |  2.0
Fighting       | |  3.5
Throwing       | |  0.1

Action                   |  1- 3 |  4- 6 || total
-------------------------+-------+-------++-------
Melee: Unarmed           |   175 |     1 ||   176
       Kick              |    34 |       ||    34
       Punch             |     1 |       ||     1
Throw: Dart              |     4 |       ||     4
 Stab: Sleeping          |     4 |       ||     4
Armor: Robe              |    36 |       ||    36
Dodge: Dodged            |   137 |     2 ||   139

Table legend: (Time is in decaauts)
 A = Elapsed time spent in this place.
 B = Non-inter-level travel time spent in this place.
 C = Inter-level travel time spent in this place.
 D = Time resting spent in this place.
 E = Time spent auto-exploring this place.
 F = Levels seen in this place.
 G = Mean time per level.
                   A        B        C        D        E       F      G
               +--------+--------+--------+--------+--------+-----+--------+
         Total |   2719 |   2676 |     43 |    560 |   1722 |   2 | 1359.5 |
       Dungeon |   2719 |   2676 |     43 |    560 |   1722 |   2 | 1359.5 |
               +--------+--------+--------+--------+--------+-----+--------+

Top non-repeatable levels by time:
     D:1: 1546 daAuts
     D:2: 1173 daAuts
